 Dungeon Crawl Stone Soup version 0.31-a0-343-g456c268693 (webtiles) character file.

Game seed: 17070874126801801998

475 Enroth the Cudgeller (level 6, -1/55 (61) HPs)
             Began as a Troll Fighter on July 21, 2023.
             Slain by a wight
             ... wielding a +0 mace
              (11 damage)
             ... on level 4 of the Dungeon.
             The game lasted 00:12:40 (2226 turns).

Enroth the Cudgeller (Troll Fighter)                Turns: 2226, Time: 00:12:40

HP:   -1/55 (61)    AC:  4    Str: 27    XL:     6   Next: 84%
MP:   5/5           EV:  9    Int:  4    God:
Gold: 152           SH:  8    Dex:  9    Spells: 5/5 levels left

rFire   . . .        h - +0 morningstar
rCold   . . .        c - +0 kite shield
rNeg    . . .        b - +0 robe
rPois   .            (helmet currently unavailable)
rElec   .            (cloak currently unavailable)
rCorr   .            (gloves unavailable)
SInv    .            (boots unavailable)
Will    .....        (no amulet)
Stlth   +            (no ring)
HPRegen 1.09/turn    (no ring)
MPRegen 0.09/turn

%: no passive effects
@: about to teleport, beast-form, drained
A: beast (slay +1), large, unfitting armour, claws 3, regeneration 1, shaggy fur
1, tough skin 1
a: Begin Untransformation


You were on level 4 of the Dungeon.
You were a hulking beast.
You visited 1 branch of the dungeon, and saw 4 of its levels.

You collected 152 gold pieces.

Inventory:

Hand Weapons
 h - a +0 morningstar (weapon)
Armour
 b - a +0 robe (worn)
 c - a +0 kite shield (worn)
Talismans
 g - a beast talisman
Wands
 m - a wand of digging (5)
Potions
 j - a potion of brilliance
 l - a potion of enlightenment {unknown}
 n - a potion of mutation {unknown}


   Skills:
 * Level 3.6 Fighting
 * Level 4.2 Maces & Flails
 + Level 3.2 Dodging
 - Level 0.5 Stealth
 + Level 3.5 Shields
 * Level 2.0 Shapeshifting


You had 5 spell levels left.
You didn't know any spells.
Your spell library was empty.

Dungeon Overview and Level Annotations

Branches:
Dungeon (4/15)
 Temple: D:4-7

Altars:


Innate Abilities, Weirdness & Mutations

You are a hulking beast.
Your limbs bulge with bestial killing power. (Slay +1)
You are too large for most types of armour.
You have claws for hands.
Your natural rate of healing is unusually fast.
You are covered in fur. (AC +1)
You have tough skin. (AC +1)


Message History

Things that are here:
a +0 long sword; a +0 robe
There is a stone staircase leading down, spattered with blood here.
You climb downwards.
The wight hits you with a +0 flail.
You feel drained. You block the wight's attack.
There is a stone staircase leading up here.
You hit the wight but do no damage. The wight completely misses you.
The wight hits you with a +0 mace.
You feel drained.
You barely miss the wight. The wight hits you with a +0 flail.
You feel drained. The wight hits you with a +0 mace!
You feel drained.
You bludgeon the wight!!
You destroy the wight!
You block the wight's attack. The wight hits you with a +0 mace.
Your Shapeshifting skill increases to level 2!
You hit the wight.
The wight is lightly damaged.
You block the wight's attack.
You hit the wight but do no damage.
The wight is lightly damaged.
You block the wight's attack. The wight hits you with a +0 mace!
You hit the wight.
The wight is moderately damaged.
The wight hits you but does no damage.
You barely miss the wight.
The wight is moderately damaged.
The wight hits you with a +0 mace!
You feel drained.
You hit the wight.
The wight is heavily damaged.
The wight hits you with a +0 mace.
You feel drained. The wight hits you with a +0 mace!
You feel drained.
* * * LOW HITPOINT WARNING * * *
You barely miss the wight.
The wight is heavily damaged.
The wight hits you with a +0 mace!
* * * LOW HITPOINT WARNING * * *
As you read the scroll of teleportation, it crumbles to dust.
You feel strangely unstable. The wight closely misses you.
The wight attacks as you move away! You block the wight's attack.
The wight attacks as you move away! The wight hits you with a +0 mace!
You die...

..#....##....#
.......#.....##
...#...).###..##
...##..........## ####
...##.###.......###..##
..###.. #.......##....###
...##..##......).#......#
...............)z#.....##
............##..h......###
............##........#..#
...........#.......#....##
..................##....#
..................###...#
................#..######
.....#.......#..#...#..#
)#..###......#..#......#
.o..###.........#.##...###


You could see a wight.

Vanquished Creatures
  A black bear (D:4)
  2 wights
  Natasha (thrice) (D:3)
  2 iguanas (D:4)
  An orc wizard (D:4)
  5 adders
  A worm (D:3)
  A dart slug (D:2)
  7 orcs
  9 ball pythons
  5 endoplasms
  2 giant cockroaches
  5 goblins
  6 hobgoblins
  2 jackals (D:2)
  A quokka (D:3)
  7 bats
  6 frilled lizards
  10 kobolds
  7 rats
83 creatures vanquished.

Notes
Turn   | Place    | Note
-------+----------+-------------------------------------------
     0 | D:1      | Enroth the Troll Fighter began the quest for the Orb.
     0 | D:1      | Reached XP level 1. HP: 22/22 MP: 0/0
   122 | D:1      | Reached XP level 2. HP: 26/29 MP: 1/1
   193 | D:1      | Reached skill level 2 in Maces & Flails
   605 | D:2      | Reached XP level 3. HP: 36/36 MP: 2/2
   851 | D:2      | Found a faded altar of an unknown god.
   912 | D:2      | Reached XP level 4. HP: 45/45 MP: 3/3
  1255 | D:3      | You fall into a shaft and drop 1 floor!
  1258 | D:4      | Noticed a black bear
  1271 | D:4      | Killed a black bear
  1272 | D:4      | Reached skill level 3 in Maces & Flails
  1272 | D:4      | Reached skill level 1 in Shapeshifting
  1272 | D:4      | Reached XP level 5. HP: 40/53 MP: 4/4
  1533 | D:3      | Reached XP level 6. HP: 56/56 MP: 5/5
  1845 | D:3      | Noticed Natasha
  1852 | D:3      | Killed Natasha
  2084 | D:3      | Noticed Natasha
  2093 | D:3      | Killed Natasha
  2123 | D:3      | Noticed Natasha
  2132 | D:3      | Killed Natasha
  2194 | D:3      | Reached skill level 4 in Maces & Flails
  2226 | D:4      | Slain by a wight

Illustrated notes

Levels and vault maps discovered:
D:1:      psy_arrival_fountain, layout_loops_ring, minmay_misc_feat_enclosed,
          dreamdust_princess_corridor
D:2:      layout_loops_ring, shapermc_ecumenical_altar_totnotflames,
          kennysheep_generic_room_8
D:3:      layout_basic, uniq_natasha
D:4:      layout_cave_pools, kennysheep_mini, pdpol_wu_jian_five_deadly_venoms,
          serial_shops, shop, chequers_serial_rivers_micro_d

Skill      XL: |  1  2  3  4  5  6 |
---------------+-------------------+-----
Maces & Flails | 2 3 4 |  4.2
Fighting       | 3 |  3.6
Shields        | 3 |  3.5
Shapeshifting  | 1 2 |  2.0
Dodging        | 3 |  3.2
Stealth        | |  0.5

Action                     |  1- 3 |  4- 6 || total
---------------------------+-------+-------++-------
  Melee: Flail             |   132 |    48 ||   180
         Morningstar       |       |   115 ||   115
    Use: Potion            |     1 |     3 ||     4
         Scroll            |       |     7 ||     7
   Stab: Sleeping          |     1 |       ||     1
 Armour: Robe              |    59 |    43 ||   102
  Dodge: Dodged            |    72 |    83 ||   155
  Block: Kite shield       |    70 |    84 ||   154
   Form: Beast             |     1 |       ||     1

Table legend: (Time is in decaauts)
 A = Elapsed time spent in this place.
 B = Non-inter-level travel time spent in this place.
 C = Inter-level travel time spent in this place.
 D = Time resting spent in this place.
 E = Time spent auto-exploring this place.
 F = Levels seen in this place.
 G = Mean time per level.
                   A        B        C        D        E       F      G
               +--------+--------+--------+--------+--------+-----+--------+
         Total |   2346 |   2318 |     28 |     39 |   1437 |   4 |  586.5 |
       Dungeon |   2346 |   2318 |     28 |     39 |   1437 |   4 |  586.5 |
               +--------+--------+--------+--------+--------+-----+--------+

Top non-repeatable levels by time:
     D:3: 773 daAuts
     D:2: 664 daAuts
     D:1: 622 daAuts
     D:4: 286 daAuts
